 Dungeon Crawl Stone Soup version 0.23-a0-625-g1d2cd9b (webtiles) character file.

44 Leeroy the Slasher (level 3, -1/28 HPs)
             Began as a Barachi Warper on Dec 24, 2018.
             Slain by Terence
             ... wielding a +0 hand axe of electrocution
              (11 damage)
             ... on level 2 of the Dungeon.
             The game lasted 00:02:57 (847 turns).

Leeroy the Slasher (Barachi Warper)                  Turns: 847, Time: 00:02:58

Health: -1/28      AC:  3    Str: 12    XL:     3   Next: 60%
Magic:  6/6        EV: 12    Int: 13    God:
Gold:   151        SH:  0    Dex: 12    Spells: 2/6 levels left

rFire    . . .     SeeInvis .   a - +0 falchion
rCold    . . .     Gourm    .   (no shield)
rNeg     . . .     Faith    .   b - +0 leather armour
rPois    .         Spirit   .   (no helmet)
rElec    .         Reflect  .   (no cloak)
rCorr    .         Harm     .   (no gloves)
MR       .....                  (no boots)
Stlth    +.........             (no amulet)
HPRegen  0.09/turn              (no ring)
MPRegen  0.10/turn              (no ring)

@: slow
A: +LOS, swims, slowness 1, strong legs 1
a: Hop


You were on level 2 of the Dungeon.
You were not hungry.

You visited 1 branch of the dungeon, and saw 2 of its levels.

You collected 151 gold pieces.

Inventory:

Hand Weapons
 a - a +0 falchion (weapon)
 i - a +0 hunting sling
 m - a +0 short sword
 r - a +0 dagger
Missiles
 e - 5 tomahawks of dispersal
 g - 7 poisoned needles
 j - 19 stones (quivered)
 n - 18 bolts
 q - 14 arrows
Armour
 b - a +0 leather armour (worn)
Scrolls
 c - a scroll of immolation {unknown}
 d - a scroll of blinking
 h - a scroll of amnesia {unknown}
 l - 3 scrolls of teleportation {unknown}
Potions
 k - 2 potions of heal wounds {unknown}
 o - a potion of flight {unknown}
 p - 2 potions of might {unknown}
Comestibles
 f - 3 rations
 s - a chunk of flesh


   Skills:
 - Level 2.5 Fighting
 * Level 4.0 Long Blades
 - Level 1.4 Throwing
 - Level 1.2 Armour
 + Level 2.5 Dodging
 - Level 2.2 Spellcasting
 + Level 3.3 Translocations


You had 2 spell levels left.
You knew the following spells:

 Your Spells              Type           Power        Failure   Level  Hunger
a - Blink                 Tloc           N/A          12%         2    ###....
b - Shroud of Golubria    Chrm/Tloc      #.........   24%         2    ###....

Your spell library contained the following spells:

 Spells                   Type           Power        Failure   Level  Hunger
 Gell's Gravitas          Tloc           ##........   24%         3    ####...
 Lesser Beckoning         Tloc           ##........   24%         3    ####...
 Teleport Other           Tloc           ##......     24%         3    ####...
 Passage of Golubria      Tloc           N/A          61%         4    #####..


Dungeon Overview and Level Annotations

Branches:
Dungeon (2/15)

Altars:

Annotations:
D:2 Terence


Innate Abilities, Weirdness & Mutations

Shadows flee at your approach. (+LOS)
You can swim through water.
You cover ground slowly.
You can hop short distances.


Message History

Eat one of 2 chunks of flesh? (ye/n/q)
You eat one of the 2 chunks of flesh.
This raw flesh tastes terrible.
You feel sick.
You are no longer poisoned.
Found a brown potion.
A kobold comes into view. It is wielding a +0 short sword.
The kobold shouts!
The kobold throws a stone.
The stone hits you but does no damage.
Things that are here:
a stone; 8 gold pieces
j - 19 stones (gained 1)
You now have 151 gold pieces (gained 8).
Terence the Incautious comes into view.
He is wielding a +0 hand axe of Terence shouts!
Found a stone staircase leading down.
You hit Terence.
Terence is lightly wounded.
Terence hits you with a +0 hand axe of electrocution!
You are electrocuted!
You die...

.. ### .. ..# .. #.# ##.
## #.# .. ##. #.#### ##.#
######.K####....###..#
.>....!@@....##..##.#####
.####..#####............#
#... ######<÷..##.. #...#
#÷##.# ... #.##... ##
..###### ####


You could see Terence and a kobold.

Vanquished Creatures
  An adder (D:2)
  2 dart slugs (D:1)
  A leopard gecko (D:1)
  2 giant cockroaches (D:1)
  A goblin (D:1)
  4 hobgoblins (D:1)
  A ball python (D:1)
  5 bats (D:1)
  6 frilled lizards
  4 kobolds (D:1)
  4 rats (D:1)
31 creatures vanquished.

Notes
Turn   | Place    | Note
-------+----------+-------------------------------------------
     0 | D:1      | Leeroy the Barachi Warper began the quest for the Orb.
     0 | D:1      | Reached XP level 1. HP: 17/17 MP: 3/3
    60 | D:1      | Reached XP level 2. HP: 19/23 MP: 5/5
   172 | D:1      | Reached skill level 3 in Long Blades
   184 | D:1      | Learned a level 2 spell: Blink
   187 | D:1      | Learned a level 2 spell: Shroud of Golubria
   408 | D:1      | Reached XP level 3. HP: 18/28 MP: 6/6
   818 | D:2      | Reached skill level 4 in Long Blades
   845 | D:2      | Noticed Terence
   847 | D:2      | Slain by Terence

Vault maps used:
D:1:      minmay_arrival_loop, dk_noncrumbling_2, hex_tiny
D:2:      uniq_terence, uniq_sigmund

Skill      XL: |  1  2  3 |
---------------+----------+-----
Long Blades    | 3 4 |  4.0
Fighting       | |  2.5
Throwing       | |  1.4
Armour         | |  1.2
Dodging        | |  2.5
Spellcasting   | |  2.2
Translocations | |  3.3

Action                   || total
-------------------------++-------
Melee: Falchion          ||   110
Throw: Stone             ||     1
 Cast: Shroud of Golubri ||     1
  Eat: Chunk             ||     1
Armor: Leather armour    ||    31
Dodge: Dodged            ||   100
       Rpst.: Falchion   ||    32

Table legend:
 A = Non-vault XP
 B = Vault XP
 C = Vault XP percentage of total XP
 D = Non-vault monster count
 E = Vault monster count
 F = Vault count percentage of total count
                 A         B        C        D         E       F
            +---------+---------+-------+---------+---------+-------
      Total |      63 |       0 |   0.0 |      31 |       0 |   0.0
            +---------+---------+-------+---------+---------+-------
        D:1 |      46 |       0 |   0.0 |      27 |       0 |   0.0
        D:2 |      17 |       0 |   0.0 |       4 |       0 |   0.0
            +---------+---------+-------+---------+---------+-------
